 Dungeon Crawl Stone Soup version 0.24.0-1-gfbc8707 (webtiles) character file.

Game seed: 7846669171299340874, levelgen mode: deterministic

4 Charmandara the Stinger (level 1, -1/11 HPs)
             Began as an Octopode Venom Mage on Nov 1, 2019.
             Slain by a hobgoblin
             ... wielding a +0 club
              (5 damage)
             ... on level 1 of the Dungeon.
             The game lasted 00:00:21 (77 turns).

Charmandara the Stinger (Octopode Venom Mage)         Turns: 77, Time: 00:00:22

Health: -1/11      AC:  1    Str:  7    XL:     1   Next: 70%
Magic:  2/3        EV: 13    Int: 17    God:
Gold:   21         SH:  0    Dex: 12    Spells: 3/4 levels left

rFire    . . .     SeeInvis .   c - +0 dagger
rCold    . . .     Gourm    .   (no shield)
rNeg     . . .     Faith    .   (helmet restricted)
rPois    .         Spirit   .   (no amulet)
rElec    .         Reflect  .   (no ring)
rCorr    .         Harm     .   (no ring)
MR       .....                  (no ring)
Stlth    +++.......             (no ring)
HPRegen  0.03/turn              (no ring)
MPRegen  0.08/turn              (no ring)
                                (no ring)
                                (no ring)

@: no status effects
A: almost no armour, stealthy swim, amphibious, 8 rings, constrict 8, camouflage
1, gelatinous body 1
a: no special abilities


You were on level 1 of the Dungeon.
You were not hungry.

You visited 1 branch of the dungeon, and saw 1 of its levels.

You collected 21 gold pieces.

Inventory:

Hand Weapons
 c - a +0 dagger (weapon)
   (You found it on level 1 of the Dungeon)
Scrolls
 e - a scroll of fog {unknown}
Potions
 a - a potion of agility {unknown}
Comestibles
 b - a ration
 d - 2 chunks of flesh {@w0}


   Skills:
 - Level 2.0 Dodging
 + Level 3.0 Stealth
 - Level 2.0 Spellcasting
 - Level 1.0 Conjurations
 * Level 3.9 Poison Magic


You had 3 spell levels left.
You knew the following spells:

 Your Spells              Type           Power        Failure   Level  Hunger
a - Sting                 Conj/Pois      ##..         7%          1    #......

Your spell library contained the following spells:

 Spells                   Type           Power        Failure   Level  Hunger
 Poisonous Vapours        Pois/Air       #.....       13%         2    ###....
 Mephitic Cloud           Conj/Pois/Air  #.......     30%         3    ###....
 Olgreb's Toxic Radiance  Pois           ###.....     36%         4    #####..
 Venom Bolt               Conj/Pois      ##........   89%         5    ######.


Dungeon Overview and Level Annotations

Branches:
Dungeon (1/15)

Altars:


Innate Abilities, Weirdness & Mutations

You cannot wear most types of armour.
You are very stealthy in the water. (Stealth+)
You are amphibious.
You can wear up to eight rings at the same time.
You can use your tentacles to constrict eight enemies at once.
Your skin changes colour to match your surroundings (Stealth+).
Your rubbery body absorbs attacks. (AC +1, EV +1)


Message History

Welcome, Charmandara the Octopode Venom Mage.
It is said that the Orb of Zot exists deep within this dungeon.
Found 17 stones, 10 gold pieces and a fuming amethyst potion.
Found a staircase leading out of the dungeon.
You see here 17 stones.
a - a fuming amethyst potion
c - a dagger You now have 10 gold pieces.
You aren't carrying any pieces of jewellery.
Unknown command.
A bat comes into view.
c - a +0 dagger (weapon)
The bat hits you but does no damage. The bat misses you.
You hit the bat but do no damage. Your grab misses the bat.
The bat barely misses you. The bat hits you. The bat barely misses you.
You take 1 damage, and have 10/11 hp.
You hit the bat but do no damage. Your grab misses the bat.
The bat barely misses you. The bat misses you. The bat barely misses you.
The bat hits you but does no damage. The bat barely misses you.
Health restored: 11 You closely miss the bat.
You grab the bat. You constrict the bat. The bat hits you but does no damage.
The bat struggles to escape constriction.
The bat hits you.
You take 1 damage, and have 10/11 hp.
You hit the bat. Your squeeze misses the bat. You constrict the bat.
You kill the bat!
You see here a bat corpse.
You see here a bat corpse.
You butcher the bat corpse.
d - a chunk of flesh {@w0} You see here a bat skeleton.
A bat comes into view.
A bat is nearby!
A bat is nearby!
You see here 11 gold pieces.
You now have 21 gold pieces (gained 11).
The bat hits you.
You take 1 damage, and have 9/11 hp.
You hit the bat. You grab the bat. You constrict the bat. The bat misses you.
The bat completely misses you.
The bat escapes!
The bat barely misses you. The bat hits you.
You take 1 damage, and have 8/11 hp.
You hit the bat.
You kill the bat!
You see here a bat corpse.
You butcher the bat corpse.
d - 2 chunks of flesh {@w0} (gained 1)
You see here a bat skeleton.
Found an escape hatch in the floor.
e - a scroll labeled UGHUTS UVVAOTSUQA You open the door.
There is an open door here.
A rat comes into view.
The rat moves out of view.
A goblin comes into view. It is wielding a +0 dagger.
The goblin shouts!
You hear a shout!
The goblin moves out of view.
The rat is too close now for your liking.
There are monsters nearby!
The rat bites you.
You see here a robe.
You take 2 damage, and have 7/11 hp.
The rat barely misses you. The goblin closely misses you.
You hit the rat.
You kill the rat!
The goblin barely misses you.
You hit the goblin. Your grab misses the goblin.
The goblin hits you with a +0 dagger.
A hobgoblin comes into view. It is wielding a +0 club.
You take 3 damage, and have 4/11 hp.
MASSIVE DAMAGE!!
You hit the goblin.
You kill the goblin!
Your Stealth skill increases to level 3!
Aim: a hobgoblin, wielding a +0 club The sting hits the hobgoblin.
You now have 2/3 mp.
Unknown command.
You closely miss the hobgoblin. You grab the hobgoblin.
You constrict the hobgoblin. The hobgoblin hits you with a +0 club.
You die...

### ######## ...
......# ### #.# #.....
... #.# .###....##.#
#># .........g.#
#.#######.##[@###.#
###.#.........†.....#
+#...#........##.....#
.....#........##.(##.#
.....#.###'#.........#
.......# #....##.#.##
÷....### #######....
###### ####.# .


You could see a hobgoblin.

Vanquished Creatures
  2 bats (D:1)
  A goblin (D:1)
  A rat (D:1)
4 creatures vanquished.

Notes
Turn   | Place    | Note
-------+----------+-------------------------------------------
     0 | D:1      | Charmandara the Octopode Venom Mage began the quest for the
                  | Orb.
     0 | D:1      | Reached XP level 1. HP: 11/11 MP: 3/3
    75 | D:1      | Reached skill level 3 in Stealth
    77 | D:1      | Slain by a hobgoblin

Levels and vault maps discovered:
D:1:      lightli_arrival_statue_moat, layout_basic

Skill      XL: |  1 |
---------------+----+-----
Stealth        | 3 |  3.0
Dodging        | |  2.0
Spellcasting   | |  2.0
Conjurations   | |  1.0
Poison Magic   | |  3.9

Action                   || total
-------------------------++-------
Melee: Dagger            ||    10
       Constrict         ||     3
 Cast: Sting             ||     1
Armor: Skin              ||     3
Dodge: Dodged            ||    13

Levels and vault maps discovered:
D:1:      lightli_arrival_statue_moat, layout_basic

Table legend:
 A = Turns spent in this place as a percentage of turns spent in the entire game.
 B = Non-inter-level travel turns spent in this place as a percentage of non-inter-level travel turns spent in the entire game.
 C = Inter-level travel turns spent in this place as a percentage of turns spent in this place.
 D = Turns resting spent in this place as a percentage of non-inter-level travel turns spent in this place.
 E = Turns spent auto-exploring this place as a percentage of non-inter-level travel turns spent in this place.
 F = Non-inter-level travel turns spent in this place divided by the number of levels of this place that you've seen.
                   A       B       C       D       E      F
               +-------+-------+-------+-------+-------+----------------------
         Total | 100.0 | 100.0 |   0.0 |   0.0 |  46.8 |  77.0
       Dungeon | 100.0 | 100.0 |   0.0 |   0.0 |  46.8 |  77.0
               +-------+-------+-------+-------+-------+----------------------

Table legend:
 A = Kills in this place as a percentage of kills in entire the game.
 B = Kills by you in this place as a percentage of kills by you in the entire game.
 C = Kills by friends in this place as a percentage of kills by friends in the entire game.
 D = Other kills in this place as a percentage of other kills in the entire game.
 E = Experience gained in this place as a percentage of experience gained in the entire game.
 F = Experience gained in this place divided by the number of levels of this place that you have seen.
                   A       B       C       D       E      F
               +-------+-------+-------+-------+-------+----------------------
         Total | 100.0 | 100.0 |   N/A |   N/A | 100.0 |   7.0
       Dungeon | 100.0 | 100.0 |   N/A |   N/A | 100.0 |   7.0
               +-------+-------+-------+-------+-------+----------------------
